 Dungeon Crawl Stone Soup version 0.26-a0-1161-g0398aca569 (webtiles) character file.

Game seed: 11346229590825937460

8643 Gargoyl the Fighter (level 11, -5/89 HPs)
             Began as a Gnoll Abyssal Knight on Dec 23, 2020.
             Was a High Priest of Lugonu.
             Slain by a yak (7 damage)
             ... on level 2 of the Lair of Beasts.
             The game lasted 00:13:47 (14040 turns).

Gargoyl the Fighter (Gnoll Abyssal Knight)         Turns: 14040, Time: 00:13:47

Health: -5/89      AC: 20    Str: 19    XL:     11   Next: 34%
Magic:  20/20      EV:  9    Int: 15    God:    Lugonu [*****.]
Gold:   604        SH:  0    Dex: 15    Spells: 22/22 levels left

rFire    + + .     SeeInvis .   z - +8 mace of Triumph {elec, *Corrode +Rage rPois rF++}
rCold    . . .     Faith    .   (no shield)
rNeg     . . .     Spirit   .   w - +0 plate armour
rPois    +         Reflect  .   (no helmet)
rElec    .         Harm     .   y - +0 cloak
rCorr    .         Rampage  .   x - +0 pair of gloves
Will     .....                  (no boots)
Stlth    ..........             (no amulet)
HPRegen  0.24/turn              c - ring of poison resistance
MPRegen  0.17/turn              v - +4 ring of protection

@: no status effects
A: distributed training, fangs 1, strong 1, MP-powered wands, strong nose
a: Renounce Religion, Evoke Berserk Rage, Depart the Abyss, Bend Space, Banish,
Corrupt, Enter the Abyss


You were on level 2 of the Lair of Beasts.
You worshipped Lugonu.
Lugonu was extremely pleased with you.
You visited 2 branches of the dungeon, and saw 12 of its levels.
You visited the Abyss 1 time.
You also visited: Ossuary.

You collected 604 gold pieces.

Inventory:

Hand Weapons
 a - a +2 hand axe
 l - a +0 mace of holy wrath
 z - the +8 mace of Triumph (weapon) {elec, *Corrode +Rage rPois rF++}
   (You found it on level 5 of the Dungeon)

   Occasionally, upon striking a foe, it can discharge electrical energy and
   cause terrible harm.
   It greatly protects you from fire.
   It protects you from poison.
   It lets you go berserk.
   It may corrode you when you take damage.
Missiles
 H - 11 poisoned darts (quivered)
Armour
 w - a +0 plate armour (worn)
 x - a +0 pair of gloves (worn)
 y - a +0 cloak (worn)
Jewellery
 c - a ring of poison resistance (left hand)
 v - a +4 ring of protection (right hand)
 D - an uncursed amulet of magic regeneration {unknown}
Wands
 g - a wand of random effects (21)
 i - a wand of flame (19)
 r - a wand of polymorph (7)
 B - a wand of acid (5)
 C - a wand of enslavement (6)
Scrolls
 b - a scroll of fear
 e - 4 scrolls of magic mapping
 j - 3 scrolls of identify
 s - a scroll of blinking
 t - 3 scrolls of remove curse
 u - 4 scrolls of teleportation
 E - a scroll of enchant weapon
 G - a scroll of random uselessness {unknown}
Potions
 d - a potion of mutation
 f - 3 potions of haste
 h - 5 potions of flight
 k - 2 potions of attraction
 m - a potion of magic
 n - 2 potions of lignification
 o - 8 potions of curing
 p - 3 potions of ambrosia {unknown}
 q - 2 potions of brilliance
 A - a potion of berserk rage
 F - 2 potions of heal wounds


   Skills:
 + Level 9.1 Fighting
 + Level 6.2 Short Blades
 + Level 6.2 Long Blades
 + Level 7.8 Axes
 + Level 6.2 Maces & Flails
 + Level 6.2 Polearms
 + Level 6.2 Staves
 + Level 6.2 Slings
 + Level 6.2 Bows
 + Level 6.2 Crossbows
 + Level 6.2 Throwing
 + Level 7.8 Armour
 + Level 6.8 Dodging
 + Level 6.2 Stealth
 + Level 6.2 Shields
 + Level 6.2 Unarmed Combat
 + Level 6.2 Spellcasting
 + Level 5.1 Conjurations
 + Level 5.1 Hexes
 + Level 5.1 Summonings
 + Level 5.1 Necromancy
 + Level 5.1 Translocations
 + Level 5.1 Transmutations
 + Level 5.1 Fire Magic
 + Level 5.1 Ice Magic
 + Level 5.1 Air Magic
 + Level 5.1 Earth Magic
 + Level 5.1 Poison Magic
 + Level 8.3 Invocations
 + Level 6.2 Evocations


You had 22 spell levels left.
You didn't know any spells.
Your spell library contained the following spells:

 Spells                   Type           Power        Failure   Level
 Confusing Touch          Hex            20%          77%         3
 Gell's Gravitas          Tloc           10%          77%         3
 Petrify                  Tmut/Erth      20%          99%         4
 Metabolic Englaciation   Hex/Ice        10%          100%        5
 Yara's Violent Unravell  Hex/Tmut       10%          100%        5


Dungeon Overview and Level Annotations

Branches:
Dungeon (9/15)             Temple (0/1) D:5            Lair (3/6) D:8
Ossuary (visited)
  Swamp: Lair:2-4    Shoals: Lair:2-4     Snake: Lair:2-4    Spider: Lair:2-4
    Orc: D:9-12

Altars:
Cheibriados
Fedhas
Kikubaaqudgha
Makhleb
Nemelex Xobeh
Sif Muna
Trog
The Shining One

Shops:
D:8 :


Innate Abilities, Weirdness & Mutations

Your experience applies equally to all skills.
You have very sharp teeth.
Your uncanny sense of smell can sniff out nearby items.
Your muscles are strong. (Str +2)
You expend magic power (3 MP) to strengthen your wands.


Message History

The flash freeze hits you!!
* * * LOW HITPOINT WARNING * * *
You are encased in ice.
The yak gores you but does no damage. The yak closely misses you.
The rime drake bites you but does no damage.
You closely miss the rime drake.
You bite the rime drake, but do no damage.
The rime drake is almost dead.
The yak gores you but does no damage.
The rime drake bites you but does no damage.
The yak gores you!
* * * LOW HITPOINT WARNING * * *
You sock the rime drake!
You kill the rime drake!
Lugonu accepts your kill. The ice encasing you melts away. The yak gores you!
* * * LOW HITPOINT WARNING * * *
The yak gores you!
You die...

..........##
..........#
..........##
..........P##
............##
............P#
.≈≈§........####
..§≈........##.###
.≈≈≈§..........Y@#
.§≈≈#..........Y.#
.§###.>..........#
...............###
######.#...##..#
###########


You could see 2 yaks.

Vanquished Creatures
  4 black mambas
  A cane toad (Lair:1)
  3 komodo dragons (Lair:1)
  A rime drake (Lair:2)
  Grinder (D:5)
  12 yaks
  A wyvern (Lair:1)
  Duvessa (D:5)
  3 water moccasins
  A sky beast (D:6)
  3 black bears
  2 ice beasts
  A phantom (D:4)
  5 ogres
  2 centaurs
  6 bullfrogs
  A water moccasin zombie (Ossuary)
  2 scorpions
  Dowan (D:5)
  9 killer bees (D:7)
  4 wights (D:6)
  3 howler monkeys (D:7)
  An electric eel (Lair:2)
  A centaur zombie (D:8)
  2 hounds
  4 jellies
  Crazy Yiuf (D:5)
  8 orc priests
  A bullfrog skeleton (D:4)
  Jessica (D:3)
  2 iguanas
  5 worker ants
  5 orc wizards
  4 big kobold zombies (Ossuary)
  A hound skeleton (D:5)
  A hound zombie (D:8)
  2 mummies (Ossuary)
  3 worker ant zombies
  8 adders
  6 gnolls
  A howler monkey skeleton (D:8)
  A white imp (D:6)
  2 oozes
  An adder skeleton (D:4)
  6 adder zombies (Ossuary)
  3 worms
  A dart slug (D:1)
  5 leopard geckos
  32 orcs
  2 ball pythons
  9 bats
  10 giant cockroaches
  10 goblins
  11 hobgoblins
  10 jackals
  3 quokkas
  5 frilled lizards
  A gnoll zombie (Ossuary)
  A jackal zombie (D:4)
  9 kobolds
  4 kobold zombies (Ossuary)
  2 leopard gecko skeletons
  8 orc zombies (Ossuary)
  17 rats
277 creatures vanquished.

Vanquished Creatures (others)
  An ice beast (D:5)
  A hound (D:5)
  5 fungi
  6 plants
13 creatures vanquished.

Grand Total: 290 creatures vanquished

Notes
Turn   | Place    | Note
-------+----------+-------------------------------------------
     0 | Abyss:1  | Gargoyl the Gnoll Abyssal Knight began the quest for the
                  | Orb.
     0 | Abyss:1  | Reached XP level 1. HP: 23/23 MP: 3/3
    52 | Abyss:1  | Found a corrupted altar of Lugonu.
   154 | Abyss:1  | Noticed a large abomination
   161 | D:1      | Escaped the Abyss
   315 | D:1      | Reached * piety under Lugonu
   316 | D:1      | Reached XP level 2. HP: 24/29 MP: 5/5
   858 | D:1      | Reached XP level 3. HP: 30/35 MP: 6/6
  1557 | D:2      | Reached skill level 1 in Short Blades
  1557 | D:2      | Reached skill level 1 in Long Blades
  1557 | D:2      | Reached skill level 1 in Maces & Flails
  1557 | D:2      | Reached skill level 1 in Polearms
  1557 | D:2      | Reached skill level 1 in Staves
  1557 | D:2      | Reached skill level 1 in Slings
  1557 | D:2      | Reached skill level 1 in Bows
  1557 | D:2      | Reached skill level 1 in Crossbows
  1557 | D:2      | Reached skill level 1 in Throwing
  1557 | D:2      | Reached skill level 1 in Stealth
  1557 | D:2      | Reached skill level 1 in Shields
  1557 | D:2      | Reached skill level 1 in Unarmed Combat
  1557 | D:2      | Reached skill level 1 in Spellcasting
  1557 | D:2      | Reached skill level 1 in Evocations
  1566 | D:2      | Reached XP level 4. HP: 41/41 MP: 7/7
  2009 | D:1      | Reached ** piety under Lugonu
  2010 | D:1      | Reached skill level 1 in Conjurations
  2010 | D:1      | Reached skill level 1 in Hexes
  2010 | D:1      | Reached skill level 1 in Summonings
  2010 | D:1      | Reached skill level 1 in Necromancy
  2010 | D:1      | Reached skill level 1 in Translocations
  2010 | D:1      | Reached skill level 1 in Transmutations
  2010 | D:1      | Reached skill level 1 in Fire Magic
  2010 | D:1      | Reached skill level 1 in Ice Magic
  2010 | D:1      | Reached skill level 1 in Air Magic
  2010 | D:1      | Reached skill level 1 in Earth Magic
  2010 | D:1      | Reached skill level 1 in Poison Magic
  2707 | D:2      | Reached XP level 5. HP: 47/47 MP: 8/8
  3459 | D:3      | Noticed a black bear
  3470 | D:3      | Killed a black bear
  3471 | D:3      | Reached skill level 5 in Axes
  3471 | D:3      | Reached skill level 5 in Armour
  3471 | D:3      | Reached skill level 5 in Invocations
  3471 | D:3      | Reached XP level 6. HP: 38/53 MP: 9/9
  3727 | D:3      | Found a faded altar of an unknown god.
  3738 | D:3      | Reached *** piety under Lugonu
  3822 | D:3      | Noticed Jessica
  3827 | D:3      | Killed Jessica
  4184 | D:4      | Found an ancient bone altar of Kikubaaqudgha.
  4189 | D:4      | Found a snail-covered altar of Cheibriados.
  4299 | D:4      | Reached XP level 7. HP: 7/59 MP: 10/10
  4983 | D:4      | Reached skill level 7 in Fighting
  5667 | D:5      | Entered Level 5 of the Dungeon
  5778 | D:5      | Found a sand-covered staircase.
  5783 | Ossuary  | Entered an ossuary
  5887 | Ossuary  | Gained mutation: Your muscles are strong. (Str +2) [potion
                  | of mutation]
  5887 | Ossuary  | Gained mutation: You expend magic power (3 MP) to
                  | strengthen your wands. [potion of mutation]
  5968 | Ossuary  | Reached **** piety under Lugonu
  6143 | Ossuary  | Reached XP level 8. HP: 34/67 MP: 12/12
  6704 | D:5      | Noticed Duvessa
  6706 | D:5      | Noticed Dowan
  6718 | D:5      | Killed Dowan
  6726 | D:5      | Killed Duvessa
  6837 | D:5      | Noticed Grinder
  6845 | D:5      | Paralysed by Grinder for 6 turns
  6864 | D:5      | Killed Grinder
  7152 | D:5      | Found a burning altar of Makhleb.
  7152 | D:5      | Noticed a blizzard demon
  7217 | D:5      | Found a staircase to the Ecumenical Temple.
  7407 | D:5      | Found a runed translucent door.
  7408 | D:5      | Noticed Crazy Yiuf
  7422 | D:5      | Killed Crazy Yiuf
  7435 | D:5      | Got a dazzling mace
  7436 | D:5      | Identified the +8 mace of Triumph {elec, *Corrode +Rage
                  | rPois rF++} (You found it on level 5 of the Dungeon)
  7714 | D:6      | Noticed a moth of wrath
  7717 | D:6      | Found a bloodstained altar of Trog.
  7889 | D:6      | Reached XP level 9. HP: 64/72 MP: 14/14
  8258 | D:6      | Found a blossoming altar of Fedhas.
  8554 | D:6      | Reached skill level 5 in Dodging
  8770 | D:7      | Reached skill level 8 in Fighting
  9147 | D:7      | Found a sparkling altar of Nemelex Xobeh.
  9495 | D:7      | Reached ***** piety under Lugonu
  9695 | D:7      | Reached XP level 10. HP: 80/80 MP: 17/17
 10043 | D:8      | Found Jiddotuk's Book Shoppe.
 10363 | D:8      | Found a staircase to the Lair.
 10422 | D:8      | Reached skill level 5 in Short Blades
 10422 | D:8      | Reached skill level 5 in Long Blades
 10422 | D:8      | Reached skill level 5 in Maces & Flails
 10422 | D:8      | Reached skill level 5 in Polearms
 10422 | D:8      | Reached skill level 5 in Staves
 10422 | D:8      | Reached skill level 5 in Slings
 10422 | D:8      | Reached skill level 5 in Bows
 10422 | D:8      | Reached skill level 5 in Crossbows
 10422 | D:8      | Reached skill level 5 in Throwing
 10422 | D:8      | Reached skill level 5 in Stealth
 10422 | D:8      | Reached skill level 5 in Shields
 10422 | D:8      | Reached skill level 5 in Unarmed Combat
 10422 | D:8      | Reached skill level 5 in Spellcasting
 10422 | D:8      | Reached skill level 5 in Evocations
 10535 | D:8      | Found a glowing golden altar of the Shining One.
 10535 | D:8      | Found a shimmering blue altar of Sif Muna.
 11091 | Lair:1   | Entered Level 1 of the Lair of Beasts
 11118 | Lair:1   | Noticed a black mamba
 11125 | Lair:1   | Killed a black mamba
 11249 | Lair:1   | Noticed a cane toad
 11255 | Lair:1   | Killed a cane toad
 12044 | Lair:1   | Noticed a black mamba
 12053 | Lair:1   | Killed a black mamba
 12054 | Lair:1   | Reached XP level 11. HP: 67/87 MP: 19/19
 12171 | Lair:1   | Reached skill level 9 in Fighting
 12677 | Lair:2   | Reached skill level 5 in Conjurations
 12677 | Lair:2   | Reached skill level 5 in Hexes
 12677 | Lair:2   | Reached skill level 5 in Summonings
 12677 | Lair:2   | Reached skill level 5 in Necromancy
 12677 | Lair:2   | Reached skill level 5 in Translocations
 12677 | Lair:2   | Reached skill level 5 in Transmutations
 12677 | Lair:2   | Reached skill level 5 in Fire Magic
 12677 | Lair:2   | Reached skill level 5 in Ice Magic
 12677 | Lair:2   | Reached skill level 5 in Air Magic
 12677 | Lair:2   | Reached skill level 5 in Earth Magic
 12677 | Lair:2   | Reached skill level 5 in Poison Magic
 14040 | Lair:2   | HP: 2/89 [yak (8)]
 14040 | Lair:2   | Slain by a yak

Illustrated notes

Levels and vault maps discovered:
D:1:      matt_arrival_diagonals, layout_basic, minmay_misc_feat_enclosed
D:2:      wad_river_or_something, layout_basic
D:3:      layout_basic, chequers_ecumenical_altar_island, uniq_jessica
D:4:      layout_basic, minitemple
D:5:      layout_loops_ring, makhleb_altar_promises_db, temple_hall,
          enter_ossuary_2, lemuel_flame_loot_1, uniq_grinder, uniq_duvessa,
          uniq_crazy_yiuf_cottage
D:6:      layout_basic, tgw_trog, marbit_many_paths
D:7:      layout_basic, basic_altar, corexii_corridor_pit
D:8:      layout_cave_pods, gammafunk_temple_overflow_wave, lair_entry_dummy,
          serial_shops, nicolae_shop_behind_doors
D:9:      layout_long_grid, chequers_temple_overflow_minitemple, serial_shops,
          shop
Lair:1:   layout_roguey
Lair:2:   layout_gridlike
Lair:3:   layout_hall_layers, spider_nest_entry_a, basic_altar,
          lemuel_fruit_fields

Skill      XL: |  1  2  3  4  5  6  7  8  9 10 11 |
---------------+----------------------------------+-----
Short Blades   | 1 2 3 4 5 6 |  6.2
Long Blades    | 1 2 3 4 5 6 |  6.2
Maces & Flails | 1 2 3 4 5 6 |  6.2
Polearms       | 1 2 3 4 5 6 |  6.2
Staves         | 1 2 3 4 5 6 |  6.2
Slings         | 1 2 3 4 5 6 |  6.2
Bows           | 1 2 3 4 5 6 |  6.2
Crossbows      | 1 2 3 4 5 6 |  6.2
Throwing       | 1 2 3 4 5 6 |  6.2
Stealth        | 1 2 3 4 5 6 |  6.2
Shields        | 1 2 3 4 5 6 |  6.2
Unarmed Combat | 1 2 3 4 5 6 |  6.2
Spellcasting   | 1 2 3 4 5 6 |  6.2
Evocations     | 1 2 3 4 5 6 |  6.2
Conjurations   | 1 2 3 4 5 |  5.1
Hexes          | 1 2 3 4 5 |  5.1
Summonings     | 1 2 3 4 5 |  5.1
Necromancy     | 1 2 3 4 5 |  5.1
Translocations | 1 2 3 4 5 |  5.1
Transmutations | 1 2 3 4 5 |  5.1
Fire Magic     | 1 2 3 4 5 |  5.1
Ice Magic      | 1 2 3 4 5 |  5.1
Air Magic      | 1 2 3 4 5 |  5.1
Earth Magic    | 1 2 3 4 5 |  5.1
Poison Magic   | 1 2 3 4 5 |  5.1
Dodging        | 3 4 5 6 |  6.8
Axes           | 5 6 7 |  7.8
Armour         | 5 6 7 |  7.8
Invocations    | 5 6 7 8 |  8.3
Fighting       | 7 8 9 |  9.1

Action                   |  1- 3 |  4- 6 |  7- 9 | 10-12 || total
-------------------------+-------+-------+-------+-------++-------
Melee: Hand axe          |    90 |   225 |   232 |       ||   547
       Bite              |     8 |    22 |    47 |    38 ||   115
       Mace              |       |       |   156 |   232 ||   388
       Punch             |       |       |     5 |     3 ||     8
Invok: Depart the Abyss  |     1 |       |       |       ||     1
  Use: Scroll            |     9 |     1 |    13 |     3 ||    26
       Potion            |       |     1 |     3 |     1 ||     5
 Stab: Sleeping          |       |     2 |     1 |       ||     3
Armor: Leather armour    |    23 |    20 |       |       ||    43
       Ring mail         |       |    70 |    50 |       ||   120
       Plate armour      |       |       |   156 |   179 ||   335
Dodge: Dodged            |    73 |   174 |   227 |   132 ||   606

Table legend: (Time is in decaauts)
 A = Elapsed time spent in this place.
 B = Non-inter-level travel time spent in this place.
 C = Inter-level travel time spent in this place.
 D = Time resting spent in this place.
 E = Time spent auto-exploring this place.
 F = Levels seen in this place.
 G = Mean time per level.
                   A        B        C        D        E       F      G
               +--------+--------+--------+--------+--------+-----+--------+
         Total |  14153 |  13692 |    461 |   3111 |   8152 |  14 | 1010.9 |
       Dungeon |  10335 |  10050 |    285 |   1544 |   6627 |   9 | 1148.3 |
          Lair |   2969 |   2793 |    176 |   1075 |   1373 |   3 |  989.7 |
         Abyss |    160 |    160 |      0 |      0 |    152 |   1 |  160.0 |
       Ossuary |    688 |    688 |      0 |    492 |      0 |   1 |  688.0 |
               +--------+--------+--------+--------+--------+-----+--------+

Top non-repeatable levels by time:
  Lair:1: 1785 daAuts
     D:1: 1630 daAuts
     D:4: 1529 daAuts
     D:8: 1314 daAuts
     D:2: 1308 daAuts
     D:6: 1216 daAuts
     D:5: 1143 daAuts
     D:7: 1120 daAuts
  Lair:2: 1114 daAuts
     D:3: 1071 daAuts
 Ossuary: 688 daAuts
 Abyss:1: 160 daAuts
  Lair:3: 70 daAuts
     D:9: 1 daAuts
